Map: Ulrena

Players

Azumo - Winner!

  • Race: Zerg Zerg
  • League: Diamond

Hydrad

  • Race: Zerg Zerg
  • League: Platinum

VOD

Have the link to the VOD?

Description

Time

  • Played on: Nov. 21, 2015, 1:19 a.m.
  • Length: 11:31
Show
View Real Time Build Order
Export as new Build Order

Azumo Zerg - Winner!

Build Orders: Pool First 

Get SALT Encoding   

  12  0:01  Drone  
  13  0:12  Drone  
  14  0:17  Overlord  
  14  0:24  Drone, Extractor  
  16  0:35  Drone  
  16  0:36  Drone  
  17  0:48  Spawning Pool  
  16  0:50  Drone  
  16  0:55  Extractor  
  16  0:56  Drone  
  17  1:20  Hatchery  
  16  1:27  Drone x2  
  18  1:33  Drone  
  18  1:38  Overlord  
  19  1:51  Zergling x2  
  20  1:57  Queen  
  20  2:00  Zergling x2  
  23  2:16  Spine Crawler  
  23  2:17  Spine Crawler  
  23  2:21  Zergling x2  
  21  2:25  Overlord  
  21  2:35  Zergling x2  
  22  2:40  Metabolic Boost  
  22  2:43  Zergling x6  
  25  2:56  Roach Warren  
  24  3:05  Zergling x4  
  26  3:09  Drone x2  
  28  3:15  Drone  
  24  3:36  Roach x2  
  24  3:38  Roach  
  30  3:42  Overlord  
  30  3:44  Overlord  
  26  4:06  Drone x3  
  26  4:13  Roach  
  26  4:17  Drone  
  29  4:23  Roach  
  31  4:28  Roach  
  33  4:35  Roach  
  35  4:45  Roach  
  37  4:52  Roach  
  39  4:57  Roach  
  39  4:58  Roach x2  
  45  5:07  Overlord  
  45  5:19  Lair  
  45  5:29  Roach  
  45  5:30  Roach  
  45  5:33  Roach  
  51  5:59  Drone x2  
  51  6:00  Extractor  
  51  6:03  Drone  
  51  6:04  Hatchery  
  52  6:28  Spawning Pool  
  52  6:33  Spire  
  52  6:34  Drone x2  
  52  6:35  Drone  
  54  6:40  Overlord  
  54  6:58  Queen  
  54  7:01  Overlord  
  56  7:06  Ravager x2  
  58  7:11  Drone x2  
  60  7:19  Drone  
  61  7:23  Drone  
  61  7:24  Ravager  
  61  7:28  Extractor  
  61  7:29  Extractor  
  61  7:31  Drone  
  61  7:33  Drone  
  63  7:39  Drone  
  63  7:40  Drone  
  63  7:43  Drone  
  66  7:48  Drone  
  66  7:49  Drone  
  68  7:59  Overlord  
  68  8:00  Drone  
  69  8:07  Drone x2  
  69  8:08  Ravager  
  69  8:09  Ravager  
  69  8:12  Drone  
  74  8:15  Drone  
  75  8:20  Mutalisk  
  75  8:23  Drone  
  78  8:27  Mutalisk  
  78  8:31  Drone  
  81  8:38  Mutalisk  
  83  8:41  Overlord  
  83  8:44  Overlord  
  83  8:46  Drone  
  84  8:51  Overlord  
  84  8:59  Overlord  
  84  9:04  Mutalisk x2  
  84  9:08  Mutalisk  
  90  9:10  Mutalisk  
  92  9:17  Mutalisk  
  92  9:18  Mutalisk  
  92  9:23  Mutalisk  
  98  9:42  Hatchery  
  98  9:43  Mutalisk x2  
  101  10:03  Mutalisk x2  
  106  10:07  Drone x3  
  108  10:23  Overlord x4  
  108  10:32  Extractor x2  
  106  10:41  Roach  
  106  10:42  Roach x6  
  116  10:44  Ravager  
  116  10:45  Ravager  
  116  10:47  Drone  
  119  11:00  Evolution Chamber  
  119  11:01  Evolution Chamber  
  117  11:08  Hydralisk Den  
Show
View Real Time Build Order
Export as new Build Order

Hydrad Zerg 

Build Orders: Pool First, Zergling Baneling 

Get SALT Encoding   

  12  0:01  Drone  
  13  0:08  Drone  
  14  0:14  Extractor  
  14  0:15  Drone  
  14  0:34  Spawning Pool  
  13  0:39  Drone  
  14  0:46  Overlord  
  14  1:06  Drone  
  14  1:07  Drone  
  16  1:21  Queen  
  16  1:25  Spore Crawler, Zergling x2  
  19  1:29  Zergling x2  
  19  1:37  Metabolic Boost  
  19  1:52  Zergling x2  
  19  1:53  Zergling x4  
  22  2:08  Baneling Nest  
  21  2:12  Zergling x2  
  22  2:22  Overlord  
  22  2:42  Zergling x2  
  22  2:43  Zergling x6  
  26  2:48  Drone  
  27  2:57  Baneling x3  
  27  2:58  Baneling x3  
  26  3:02  Zergling x4  
  28  3:11  Overlord  
  28  3:34  Drone x3  
  31  3:57  Hatchery  
  19  4:13  Zergling x6  
  22  4:20  Roach Warren  
  22  4:22  Drone x2  
  23  4:32  Baneling x2  
  23  4:33  Baneling  
  23  4:37  Zergling x4  
  25  4:45  Spine Crawler  
  24  4:48  Zergling x4  
  27  5:08  Roach x2  
  27  5:09  Roach  
  27  5:13  Spine Crawler  
  32  5:21  Roach x3  
  37  5:37  Overlord  
  37  5:55  Ravager  
  37  5:57  Roach  
  40  5:59  Zergling x6  
  40  6:00  Zergling x2  
  44  6:18  Roach  
  46  6:33  Overlord  
  46  6:41  Hatchery  
  46  6:43  Drone  
  46  6:53  Drone x3  
  49  7:14  Drone x2  
  49  7:15  Drone x3  
  54  7:16  Evolution Chamber  
  54  7:18  Evolution Chamber  
  54  7:22  Queen  
  54  7:35  Overlord  
  54  7:45  Zerg Missile Weapons Level 1, Zerg Ground Armor Level 1  
  54  7:48  Extractor  
  54  7:50  Drone  
  54  7:51  Overlord  
  54  8:06  Drone  
  54  8:07  Drone x4  
  59  8:17  Lair  
  59  8:23  Drone  
  59  8:24  Drone  
  61  8:41  Overlord x2  
  61  8:46  Ravager  
  62  8:49  Ravager  
  62  8:52  Extractor  
  62  8:53  Drone x5  
  62  8:54  Extractor  
  68  9:02  Roach  
  68  9:03  Roach  
  70  9:14  Glial Reconstitution  
  70  9:22  Spore Crawler  
  70  9:23  Spore Crawler  
  68  9:29  Hydralisk Den  
  67  9:34  Drone x3  
  67  9:35  Drone  
  71  9:59  Hydralisk x6  
  83  10:16  Muscular Augments  
  83  10:18  Overlord x2  
  82  10:43  Hydralisk x2  
  82  10:44  Hydralisk x3  
  92  10:55  Spore Crawler  
Tags
 
Add a new tag
Caveats
  • Supply blocks, unpowered buildings, or Contaminate may cause inaccurate times.
  • Supply counts are checked every 10 seconds.